Map: Scythe of Amon

Players

Balrog

  • Race: Terran Terran

NamroodTuo

  • Race: Zerg Zerg

VOD

Have the link to the VOD?

Description

Time

  • Played on: April 23, 2023, 5:25 a.m.
  • Length: 21:29
Show
View Real Time Build Order
Export as new Build Order

Balrog Terran 

Build Orders:  

Get SALT Encoding   

  12  0:12  SCV  
  12  0:15  SCV x3  
  12  0:16  SCV x3  
  19  0:21  SCV, Supply Bunker, Dominion Trooper x6  
  19  0:29  Refinery  
  20  0:32  SCV  
  20  0:33  Refinery  
  21  0:40  SCV  
  21  0:48  SCV  
  23  1:07  SCV  
  24  1:21  Barracks  
  24  1:22  SCV  
  25  1:44  SCV  
  26  1:50  Supply Bunker  
  26  1:51  Engineering Bay  
  26  1:52  SCV  
  27  2:00  Factory  
  27  2:20  SCV  
  28  2:32  Ghost Academy  
  28  2:37  Engineering Bay  
  28  2:47  Starport  
  28  2:51  SCV  
  28  2:58  SCV  
  30  3:06  SCV  
  37  3:10  Supply Bunker, Dominion Trooper x6  
  37  3:14  SCV  
  38  3:22  Fusion Core  
  38  3:23  Dominion Trooper x2  
  38  3:27  Dominion Trooper  
  38  3:28  Dominion Trooper x2  
  38  3:33  Dominion Trooper  
  38  3:42  SCV  
  39  3:53  Armory  
  39  4:13  Dominion Trooper  
  36  4:28  Imperial Witness  
  38  5:02  Terran Infantry Weapons Level 1, Terran Infantry Armor Level 1  
  38  5:06  Incapacitator Shells  
  38  5:52  SCV  
  38  5:59  Marauder  
  45  6:23  Supply Bunker, Dominion Trooper x6  
  40  6:48  Dominion Trooper  
  42  6:51  Marauder  
  42  6:56  Dominion Trooper  
  49  7:05  Dominion Trooper  
  49  7:13  Dominion Trooper  
  49  7:19  Amplified Airwaves  
  50  7:21  Dominion Trooper  
  50  7:41  Supply Bunker  
  50  7:53  Supply Bunker, Dominion Trooper x6  
  57  8:06  Orbital Trooper Pods  
  57  8:07  Dominion Trooper  
  57  8:09  Neosteel Armor  
  56  8:15  Dominion Trooper  
  57  8:23  Dominion Trooper  
  57  8:31  Dominion Trooper  
  57  8:37  Dual Resuscitators  
  55  8:48  Medivac  
  58  8:57  Dominion Trooper  
  59  9:05  Dominion Trooper  
  60  9:13  Dominion Trooper  
  55  9:21  Dominion Trooper  
  55  9:25  Supply Bunker, Dominion Trooper x6  
  55  9:29  Dominion Trooper  
  63  9:37  Dominion Trooper  
  56  9:45  Dominion Trooper  
  56  9:53  Dominion Trooper  
  56  9:55  Imperial Witness  
  57  10:01  Dominion Trooper  
  57  10:03  Bulwark Field  
  57  10:05  Scatter Veil  
  57  10:09  SCV x6, Dominion Trooper  
  59  10:10  SCV x2  
  59  10:11  SCV x4  
  59  10:13  Supply Bunker, Dominion Trooper x6  
  59  10:17  Dominion Trooper  
  66  10:25  Dominion Trooper  
  67  10:32  Dominion Trooper  
  67  10:35  Command Center  
  67  10:39  Refinery  
  68  10:40  Dominion Trooper  
  68  10:41  Refinery  
  68  10:47  SCV  
  68  10:49  Terran Infantry Weapons Level 2  
  69  10:55  SCV  
  71  11:10  Imperial Witness  
  71  11:11  Dominion Trooper  
  71  11:19  SCV x2, Dominion Trooper  
  74  11:27  SCV x2  
  74  11:28  Viking  
  82  11:35  SCV x2  
  86  12:04  Dominion Trooper  
  86  12:05  Dominion Trooper  
  88  12:10  Imperial Witness  
  88  12:12  Dominion Trooper  
  88  12:13  Dominion Trooper  
  92  12:20  Dominion Trooper x2  
  92  12:28  Dominion Trooper x2  
  96  12:36  Dominion Trooper x2  
  98  12:40  Unknown x5  
  98  12:41  Unknown x10  
  98  12:44  Dominion Trooper x2  
  100  12:51  Dominion Trooper  
  100  12:52  Dominion Trooper  
  92  13:15  Supply Bunker, Dominion Trooper x6  
  93  13:40  Dominion Trooper  
  93  13:41  Dominion Trooper  
  93  13:42  Imperial Witness  
  93  13:49  Supply Bunker, Dominion Trooper x6  
  100  13:57  Dominion Trooper x2  
  101  14:26  Dominion Trooper  
  101  14:27  Dominion Trooper  
  102  14:30  Imperial Witness  
  102  14:34  Dominion Trooper  
  102  14:47  Supply Bunker, Dominion Trooper x6  
  102  14:48  Supply Bunker, Thor, Dominion Trooper x6  
  127  14:51  Dominion Trooper  
  127  14:55  Dominion Trooper  
  126  15:01  Imperial Witness  
  126  15:17  Supply Bunker, Dominion Trooper x6  
  130  15:42  Battlecruiser, Supply Bunker, Dominion Trooper x6  
  147  15:51  Dominion Trooper x2  
  147  15:59  Dominion Trooper x2  
  150  16:02  Supply Bunker x2  
  150  16:05  Supply Bunker  
  150  16:07  Dominion Trooper  
  150  16:22  SCV  
  150  16:25  Supply Bunker  
  150  16:26  Supply Bunker  
  150  16:29  Supply Bunker  
  152  16:30  SCV x2, Dominion Trooper, Terran Infantry Weapons Level 3  
  152  16:32  Terran Infantry Armor Level 2  
  143  16:48  Supply Bunker  
  143  16:49  Supply Bunker  
  120  16:57  Dominion Trooper x2  
  122  17:01  Marauder  
  122  17:05  Dominion Trooper x2  
  134  17:11  Supply Bunker, Dominion Trooper x6  
  134  17:12  Battlecruiser  
  144  17:23  Supply Bunker, Dominion Trooper x6  
  144  17:29  Imperial Witness  
  149  17:34  Dominion Trooper  
  149  17:35  Dominion Trooper  
  145  17:42  Dominion Trooper x2  
  147  17:50  Dominion Trooper x2  
  147  17:58  Dominion Trooper x2  
  151  18:06  Dominion Trooper x2  
  153  18:13  Dominion Trooper  
  153  18:14  Dominion Trooper  
  161  18:20  Supply Bunker, Dominion Trooper x6  
  161  18:21  Dominion Trooper  
  161  18:22  Dominion Trooper  
  161  18:29  Dominion Trooper  
  161  18:30  Dominion Trooper  
  161  18:37  Dominion Trooper  
  161  18:38  Dominion Trooper  
  161  18:42  Battlecruiser  
  161  18:45  Dominion Trooper  
  161  18:46  Dominion Trooper  
  175  18:53  Dominion Trooper  
  175  18:54  Dominion Trooper  
  165  19:33  Imperial Witness  
  165  19:37  Dominion Trooper x2  
  167  19:42  Aim-assist Embrasures  
  167  19:45  Dominion Trooper x2  
  169  19:52  Dominion Trooper  
  169  19:53  Thor, Dominion Trooper  
  183  20:00  Dominion Trooper  
  183  20:01  Dominion Trooper, Imperial Witness  
  183  20:08  Dominion Trooper  
  183  20:09  Dominion Trooper  
  187  20:16  Dominion Trooper  
  187  20:17  Dominion Trooper  
  188  20:24  Dominion Trooper  
  188  20:25  Dominion Trooper  
  190  20:30  Unknown x4  
  190  20:31  Unknown x8  
  190  20:32  Unknown x3, Dominion Trooper  
  190  20:33  Dominion Trooper  
  185  20:56  Supply Bunker, Dominion Trooper x6  
Show
View Real Time Build Order
Export as new Build Order

NamroodTuo Zerg 

Build Orders:  

Get SALT Encoding   

  12  0:25  Infested Barracks  
  12  0:32  Overlord  
  12  0:39  Infested SCV  
  13  0:46  Infested SCV  
  14  0:51  Infested SCV  
  14  0:59  Infested SCV  
  16  1:25  Infested SCV  
  16  1:27  Infestation Level 1  
  17  1:34  Infested SCV  
  18  1:41  Overlord  
  18  1:47  Infested SCV  
  19  1:55  Infested SCV  
  20  2:03  Infested Refinery  
  20  2:09  Infested SCV  
  21  2:25  Infested SCV  
  22  2:47  Infested SCV, Infested Refinery  
  23  2:52  Infested Barracks Tech Lab  
  23  3:01  Infested SCV  
  24  3:14  Overlord  
  24  3:29  Overlord  
  24  4:14  Anaerobic Enhancement  
  24  4:16  Retinal Augmentation  
  24  4:19  Overlord, Infested SCV  
  25  4:20  Infested SCV  
  26  4:34  Infested Engineering Bay  
  26  4:42  Infested SCV  
  27  5:19  Plagued Munitions  
  27  5:36  Infested Bunker  
  31  5:44  Unknown  
  31  5:53  Regenerative Plating  
  31  6:03  Infestation Level 2  
  35  6:37  Infested Bunker  
  39  6:56  Infested Bunker  
  39  7:16  Stukov Infantry Weapons Level 1  
  39  7:58  Infested Marine  
  39  7:59  Infested Marine x10  
  50  8:00  Infested Marine x2  
  52  8:14  Overlord x5  
  52  8:17  Broodling Gestation  
  52  9:06  Infested Marine x8  
  52  9:07  Infested Marine x12  
  71  9:26  Infested Factory  
  71  9:28  Infested SCV  
  71  9:29  Infested SCV x2  
  62  9:52  Infested Bunker  
  62  9:54  Infested Bunker  
  62  9:56  Stukov Infantry Armor Level 1  
  56  10:39  Infested Missile Turret  
  56  10:42  Infested Missile Turret  
  56  10:49  Infested Command Center  
  56  10:59  Infested Marine  
  51  11:00  Infested Marine x17  
  51  11:01  Infested Marine x2  
  70  11:24  Infested Armory  
  60  12:14  Infested Bunker  
  64  12:39  Calcified Armor  
  63  12:41  Infested Bunker  
  58  13:03  Infested SCV x3  
  58  13:04  Infested SCV x2  
  58  13:08  Aggressive Incubation  
  63  13:33  Infested Marine x3  
  63  13:34  Infested Marine x17  
  82  14:08  Infested Bunker  
  82  14:09  Infested SCV x4  
  70  15:27  Infestation Level 3  
  70  15:32  Infested SCV x2  
  70  15:33  Infested SCV x3  
  70  15:39  Infested Missile Turret  
  75  15:47  Stukov Infantry Armor Level 2  
  79  16:09  Infested Bunker  
  79  16:23  Infested Bunker  
  83  16:53  Infested Marine  
  83  16:54  Infested Marine x11  
  83  16:55  Infested Marine x8  
  103  17:00  Infested Colonist Compound  
  107  17:24  Infested Marine  
  107  17:25  Infested Marine x2  
  107  17:28  Overlord  
  107  17:29  Overlord x4  
  110  17:34  Infested Bunker  
  107  18:00  Infested Marine x5  
  107  18:01  Infested Marine x5  
  110  18:11  Infested Barracks  
  98  18:40  Overlord x4  
  98  18:45  Overseer x4  
  98  18:46  Overseer  
  104  19:11  Infested Bunker  
  112  19:20  Infested Bunker  
  107  19:44  Infested Marine  
  107  19:45  Infested Marine x6  
  107  19:46  Infested Marine x21  
  126  20:10  Infested Bunker  
  126  20:15  Infested Marine  
  126  20:16  Infested Marine x10  
  126  20:17  Infested Marine  
  125  20:53  Infested Marine  
  125  20:54  Infested Marine x13  
Tags
 
Commander
MengskStukov
Matchup
Co-op
Replay Pack
Multiplayer
Add a new tag
Caveats
  • Supply blocks, unpowered buildings, or Contaminate may cause inaccurate times.
  • Supply counts are checked every 10 seconds.